 Dungeon Crawl Stone Soup version 0.28-a0-1613-gdaab1c2f9b (webtiles) character file.

Game seed: 16903082712206615070

18 kae the Ruffian (level 2, 0/23 HPs)
             Began as a Draconian Transmuter on Jan 21, 2022.
             Killed from afar by a white imp (10 damage)
             ... with a puff of frost
             ... summoned by Natasha
             ... on level 1 of the Dungeon.
             The game lasted 00:00:45 (958 turns).

kae the Ruffian (Draconian Transmuter)               Turns: 958, Time: 00:00:46

Health: 0/23       AC:  4    Str: 12    XL:     2   Next: 51%
Magic:  5/5        EV: 12    Int: 19    God:
Gold:   38         SH:  0    Dex: 11    Spells: 4/5 levels left

rFire   . . .      SeeInvis .     - Unarmed
rCold   . . .      Faith    .   (no shield)
rNeg    . . .      Spirit   .   (armour unavailable)
rPois   .          Reflect  .   (helmet restricted)
rElec   .          Harm     .   (no cloak)
rCorr   .          Rampage  .   (no gloves)
Will    .....                   (no boots)
Stlth   +.........              d - amulet of regeneration
HPRegen 0.87/turn               a - +6 ring of intelligence
MPRegen 0.09/turn               (no ring)

@: slowed, very slow
A: AC +4, unfitting armour, cold-blooded
a: no special abilities


You were on level 1 of the Dungeon.
You visited 1 branch of the dungeon, and saw 2 of its levels.

You collected 38 gold pieces.

Inventory:

Jewellery
 a - a +6 ring of intelligence (left hand)
 d - an amulet of regeneration (around neck)
Scrolls
 c - a scroll of identify
Potions
 b - a potion of flight


   Skills:
 + Level 1.4 Fighting
 + Level 1.9 Dodging
 * Level 3.3 Unarmed Combat
 + Level 2.1 Spellcasting
 * Level 2.4 Transmutations


You had 4 spell levels left.
You knew the following spells:

 Your Spells              Type           Power      Damage    Failure   Level
a - Beastly Appendage     Tmut           22%        N/A       6%          1

Your spell library contained the following spells:

 Spells                   Type           Power      Damage    Failure   Level
 Wereblood                Tmut           11%        N/A       10%         2
 Spider Form              Tmut/Pois      6%         N/A       30%         3
 Ice Form                 Ice/Tmut       6%         N/A       71%         4


Dungeon Overview and Level Annotations

Branches:
Dungeon (2/15)

Altars:

Annotations:
D:1 Natasha


Innate Abilities, Weirdness & Mutations

Your plain brown scales are hard. (AC +4)
You cannot fit into any form of body armour.
You are cold-blooded and may be slowed by cold attacks.


Message History

The shadow imp disappears in a puff of smoke!
There is a stone staircase leading down here.
You hit Natasha.
Natasha is lightly wounded.
The bat hits you but does no damage. Natasha casts a spell at you.
You feel yourself slow down. The jackal closely misses you.
You hit Natasha.
Natasha is moderately wounded.
The bat hits you but does no damage.
The jackal bites you but does no damage.
Natasha mumbles some strange words.
The bat hits you. The jackal closely misses you.
Natasha mumbles some strange words.
Natasha shimmers violently.
Natasha stares at you and mumbles some strange words.
You resist with significant effort.
You hit Natasha but do no damage.
Natasha is moderately wounded.
The bat barely misses you.
The jackal bites you but does no damage.
Natasha casts a spell at you. You resist with significant effort.
The jackal bites you but does no damage.
The white imp shouts, "Get thee gone, thou froward wibble-sucking efter!"
The white imp gestures at you. The puff of frost hits you.
The bat closely misses you.
You hit Natasha but do no damage.
Natasha is moderately wounded.
The bat hits you but does no damage. The jackal closely misses you.
Natasha stares at you and mumbles some strange words.
The magic dart hits you. The jackal bites you.
The bat hits you but does no damage.
You hit Natasha.
Natasha is heavily wounded.
The bat barely misses you. The bat hits you but does no damage.
The jackal barely misses you.
Natasha casts a spell.
The white imp gestures at you. The puff of frost hits you!
You die...

##....#.#.........#
.................##
......#.#.........#
##.##.#....(......#
.......##.........#
##......#.........#
##....#...........#####
......####.......h#...##
#........##....h@.5....##
#.................5.....#
#..).######.....†b......#
...### ##............#
...# ##..........## ...##
##...##...## ....#
########## ....# †...#


You could see Natasha, a crimson imp (summoned), a white imp (summoned), a
jackal and a bat.

Vanquished Creatures
  A dart slug (D:1)
  2 ball pythons (D:1)
  3 endoplasms (D:1)
  2 bats (D:1)
  3 frilled lizards (D:1)
  3 kobolds (D:1)
  3 rats (D:1)
17 creatures vanquished.

Notes
Turn   | Place    | Note
-------+----------+-------------------------------------------
     0 | D:1      | kae the Draconian Transmuter began the quest for the Orb.
     0 | D:1      | Reached XP level 1. HP: 16/16 MP: 3/3
    34 | D:1      | Found a faded altar of an unknown god.
   381 | D:1      | Reached XP level 2. HP: 20/23 MP: 5/5
   946 | D:2      | Noticed Natasha
   958 | D:1      | Killed from afar by a white imp

Illustrated notes

Levels and vault maps discovered:
D:1:      dpeg_arrival_rooms_a, layout_rooms,
          hellmonk_ecumenical_altar_leap_of_faith
D:2:      layout_rooms, uniq_natasha

Action                   || total
-------------------------++-------
Melee: Unarmed           ||    44
       Kick              ||     7
       Headbutt          ||     5
       Punch             ||     1
       Tailslap          ||     2
 Cast: Beastly Appendage ||    10
  Use: Scroll            ||     1
Armor: Skin              ||    23
Dodge: Dodged            ||    32

Table legend: (Time is in decaauts)
 A = Elapsed time spent in this place.
 B = Non-inter-level travel time spent in this place.
 C = Inter-level travel time spent in this place.
 D = Time resting spent in this place.
 E = Time spent auto-exploring this place.
 F = Levels seen in this place.
 G = Mean time per level.
                   A        B        C        D        E       F      G
               +--------+--------+--------+--------+--------+-----+--------+
         Total |    959 |    955 |      4 |      0 |    812 |   2 |  479.5 |
       Dungeon |    959 |    955 |      4 |      0 |    812 |   2 |  479.5 |
               +--------+--------+--------+--------+--------+-----+--------+

Top non-repeatable levels by time:
     D:1: 952 daAuts
     D:2: 6 daAuts
